 Dungeon Crawl Stone Soup version 0.25.1-9-gc5326a611f (webtiles) character file.

Game seed: 314366893980324734

43 jlumianski the Sneak (level 3, -2/23 HPs)
             Began as a Halfling Wanderer on Dec 30, 2020.
             Slain by an orc wizard
             ... wielding a +0 dagger
              (4 damage)
             ... on level 1 of the Dungeon.
             The game lasted 00:09:21 (1786 turns).

jlumianski the Sneak (Halfling Wanderer)            Turns: 1786, Time: 00:09:22

Health: -2/23      AC:  3    Str: 12    XL:     3   Next: 82%
Magic:  6/6        EV: 14    Int: 10    God:
Gold:   72         SH:  0    Dex: 15    Spells: 6/6 levels left

rFire    . . .     SeeInvis .   e - +0 dagger
rCold    . . .     Gourm    .   (shield restricted)
rNeg     . . .     Faith    .   d - +0 robe
rPois    .         Spirit   .   (no helmet)
rElec    .         Reflect  .   (no cloak)
rCorr    .         Harm     .   i - +0 pair of gloves
MR       .....                  (no boots)
Stlth    +++.......             (no amulet)
HPRegen  0.07/turn              (no ring)
MPRegen  0.10/turn              (no ring)

@: no status effects
A: small, mutation resistance 1
a: no special abilities


You were on level 1 of the Dungeon.
You were near starving.

You visited 1 branch of the dungeon, and saw 2 of its levels.

You collected 72 gold pieces.

Inventory:

Hand Weapons
 a - a +0 spear
 e - a +0 dagger (weapon)
Missiles
 b - 58 stones (quivered)
Armour
 d - a +0 robe (worn)
 i - a +0 pair of gloves (worn)
Jewellery
 k - an uncursed ring of ice
Scrolls
 h - 4 scrolls of identify
 j - a scroll of amnesia {unknown}
Potions
 c - 2 potions of curing
 g - a potion of brilliance {unknown}
Comestibles
 f - 4 rations


   Skills:
 + Level 1.0 Fighting
 * Level 1.0 Short Blades
 + Level 1.5 Dodging
 + Level 4.1 Stealth
 + Level 2.1 Spellcasting
   Level 1.0 Air Magic
   Level 2.0 Poison Magic


You had 6 spell levels left.
You didn't know any spells.
Your spell library contained the following spells:

 Spells                   Type           Power        Failure   Level  Hunger
 Sting                    Tmut/Pois      #...         21%         1    ##.....
 Magic Dart               Conj           #...         30%         1    ##.....
 Blink                    Tloc           N/A          43%         2    ###....
 Call Imp                 Summ           #.......     43%         2    ###....
 Slow                     Hex            #.......     43%         2    ###....
 Mephitic Cloud           Conj/Pois/Air  #.......     52%         3    ####...
 Ignite Poison            Fire/Tmut/Pois #.......     56%         3    ####...
 Conjure Flame            Conj/Fire      #.......     67%         3    ####...


Dungeon Overview and Level Annotations

Branches:
Dungeon (2/15)

Altars:
Okawaru


Innate Abilities, Weirdness & Mutations

You are small and have problems with some larger weapons.
You are somewhat resistant to further mutation.


Message History

The orc wizard closely misses you.
You closely miss the orc wizard.
The orc wizard is moderately wounded.
The orc wizard gestures at you while chanting.
The puff of flame hits you!
* * * LOW HITPOINT WARNING * * *
You closely miss the orc wizard.
The orc wizard is moderately wounded.
The orc wizard hits you but does no damage.
You hit the orc wizard.
The orc wizard is heavily wounded.
The orc wizard hits you but does no damage.
You hit the orc wizard.
The orc wizard is heavily wounded.
The orc wizard hits you with a +0 dagger.
* * * LOW HITPOINT WARNING * * *
You hit the orc wizard.
The orc wizard is severely wounded.
The orc wizard hits you with a +0 dagger.
You die...

.#.....##.....#..............#
.#.#.######.###..........♣.♣.♣
............# #..............#
.##############.......###♣#♣.♣
......................# #.#..#
.#######.####.###.....###...##
.##
#...................#######
..#
#..........................
..#
#..#.##.#.@.....##########.
..# #..#.##.#o#.###....# #.
..# #..#....#.#.# ####.# #.
#.# #......##.#.# #.# #. #.#
##.#.#.##.#.# #.# #. #.#
#.#......#.######.# #. #.#
#.###.#...........# #. ..#
#.....#.##.##############. ###
#####.....................


You could see an orc wizard.

Vanquished Creatures
  An adder (D:2)
  2 dart slugs
  An orc (D:2)
  3 bats
  4 giant cockroaches (D:1)
  4 goblins (D:1)
  2 hobgoblins (D:1)
  3 jackals (D:1)
  2 kobolds (D:1)
  2 frilled lizards (D:1)
  2 rats (D:1)
26 creatures vanquished.

Notes
Turn   | Place    | Note
-------+----------+-------------------------------------------
     0 | D:1      | jlumianski the Halfling Wanderer began the quest for the
                  | Orb.
     0 | D:1      | jlumianski set off with the following items: a +0 spear, a
                  | +0 robe, a +0 dagger, a ration; and the following spells
                  | available to memorise: Sting, Magic Dart, Blink, Call Imp,
                  | Slow, Mephitic Cloud, Ignite Poison, Conjure Flame
     0 | D:1      | Reached XP level 1. HP: 13/13 MP: 3/3
   251 | D:1      | Reached XP level 2. HP: 15/18 MP: 4/4
   742 | D:1      | Reached skill level 4 in Stealth
   748 | D:1      | Reached XP level 3. HP: 23/23 MP: 6/6
  1344 | D:2      | Found an iron altar of Okawaru.
  1358 | D:2      | Reached skill level 1 in Short Blades
  1786 | D:1      | Slain by an orc wizard

Illustrated notes

Levels and vault maps discovered:
D:1:      nicolae_arrival_memento_mori, layout_basic, serial_forest,
          infiniplex_forest_end_2, infiniplex_forest_zigzag_1,
          infiniplex_forest_clump_large, infiniplex_forest_lined_room_,
          infiniplex_forest_fountain, infiniplex_forest_lined_room_2,
          minmay_tromino_mix6
D:2:      layout_basic, okawaru_metal_pillars_1_2,
          nicolae_dithmenos_shadow_blocks, gammafunk_temple_overflow_elements

Skill      XL: |  1  2  3 |
---------------+----------+-----
Spellcasting   | 2 |  2.1
Stealth        | 4 |  4.1
Short Blades   | 1 |  1.0
Fighting       | |  1.0
Dodging        | |  1.5
Air Magic      | |  1.0
Poison Magic   | |  2.0

Action                   || total
-------------------------++-------
Melee: Spear             ||    27
       Dagger            ||    91
Throw: Stone             ||     8
  Use: Scroll            ||     2
       Potion            ||     1
 Stab: Sleeping          ||     7
  Eat: Chunk             ||     1
Armor: Robe              ||    21
Dodge: Dodged            ||    82
